[Event "ICC tourney 2047 (75 10)"]
[Site "Internet Chess Club"]
[Date "2020.10.10"]
[Round "3"]
[White "madrigal"]
[Black "TheSuperKing"]
[Result "0-1"]
[ICCResult "White resigns"]
[WhiteElo "1577"]
[BlackElo "1728"]
[Opening "English: symmetrical variation"]
[ECO "A30"]
[NIC "EO.64"]
[Time "14:46:56"]
[TimeControl "4500+10"]

1. c4 c5 2. Nf3 Nf6 3. e3 Nc6 4. d4 e6 5. Nc3 d5 6. a3 b6 7. dxc5 bxc5 8.
cxd5 exd5 9. Bb5 Bb7 10. Ne5 Qd6 11. Nf3 Be7 12. O-O O-O 13. Qe2 a6 14. Bxc6
Bxc6 15. Rd1 Qc7 16. Rb1 Rfb8 17. h3 Bd6 18. Bd2 Ne4 19. Qd3 Nxc3 20. Bxc3
Qe7 21. Rbc1 h6 22. b4 Ba4 23. bxc5 Bxc5 24. Rd2 Bxa3 25. Qd4 f6 26. Qxd5+
Kh8 27. Ra1 Bb3 28. Qd7 Ra7 29. Qxe7 Bxe7 30. Rb2 Rbb7 31. Bd4 Ra8 32. e4
Rab8 33. Rxa6 Bc4 34. Rxb7 Rxb7 35. Ra4 Bd6 36. e5 fxe5 37. Bxe5 Bxe5 38.
Nxe5 Be6 39. h4 h5 40. f3 Kh7 41. g4 Rb5 42. Re4 Rb1+ 43. Kg2 hxg4 44. fxg4
Bd5 45. Kf3 Rb4 {White resigns} 0-1

[Event "ICC tourney 2047 (75 10)"]
[Site "Internet Chess Club"]
[Date "2020.10.10"]
[Round "3"]
[White "Theutltl"]
[Black "Knightboy123"]
[Result "1-0"]
[ICCResult "Black checkmated"]
[WhiteElo "1309"]
[BlackElo "1618"]
[Opening "Sicilian: Najdorf, Opocensky variation"]
[ECO "B92"]
[NIC "SI.11"]
[Time "14:47:13"]
[TimeControl "4500+10"]

1. e4 c5 2. Nf3 d6 3. d4 cxd4 4. Nxd4 Nf6 5. Nc3 a6 6. Be2 e5 7. Nb3 Be7 8.
O-O Be6 9. Be3 O-O 10. Qd2 Nc6 11. Rad1 Qc7 12. Nd5 Bxd5 13. exd5 Nd8 14. c4
b6 15. f4 exf4 16. Bxf4 Nb7 17. Kh1 Rfe8 18. Nd4 Ne4 19. Qc2 Nf6 20. Nc6 Nd8
21. Nxe7+ Qxe7 22. Rde1 Qd7 23. Bd3 Rxe1 24. Rxe1 h6 25. Bf5 Qc7 26. Qc3 Nb7
27. Bxh6 Re8 28. Rxe8+ Nxe8 29. Bf4 Qe7 30. Qe3 Qxe3 31. Bxe3 Nc5 32. b4 Na4
33. Bd7 Nc3 34. Bxe8 Nxa2 35. c5 bxc5 36. bxc5 dxc5 37. Bxc5 Nc3 38. d6 a5
39. d7 a4 40. d8=Q a3 41. Bc6+ Kh7 42. Qd3+ f5 43. Qxc3 a2 44. Bd5 g5 45.
Bxa2 f4 46. Bd4 g4 47. Bb1+ Kh6 48. Qc6+ Kh5 49. Qg6+ Kh4 50. Bf6#
{Black checkmated}
1-0

[Event "ICC tourney 2047 (75 10)"]
[Site "Internet Chess Club"]
[Date "2020.10.10"]
[Round "3"]
[White "TheDude865"]
[Black "FlowingMelody"]
[Result "1-0"]
[ICCResult "Black checkmated"]
[WhiteElo "1335"]
[BlackElo "1310"]
[Opening "Ruy Lopez: closed"]
[ECO "C90"]
[NIC "RL.19"]
[Time "14:46:55"]
[TimeControl "4500+10"]

1. e4 e5 2. Nf3 Nc6 3. Bb5 a6 4. Ba4 Nf6 5. O-O Be7 6. Re1 b5 7. Bb3 d6 8.
h3 Na5 9. c3 Nxb3 10. axb3 O-O 11. d3 Bb7 12. Nbd2 Qd7 13. Nf1 c5 14. Ng3 g6
15. Bh6 Rfe8 16. Bg5 b4 17. Qd2 a5 18. c4 a4 19. bxa4 Rxa4 20. b3 Raa8 21.
Nh2 Bc6 22. f4 Red8 23. Rxa8 Rxa8 24. Rf1 Ne8 25. Ng4 Bxg5 26. fxg5 Ra3 27.
Nh6+ Kh8 28. Nxf7+ Kg7 29. Nh5+ gxh5 30. g6 Kf8 31. Nxe5+ Ke7 32. Qg5+ Ke6
33. Nxd7 Kxd7 34. g7 Nf6 35. Qxf6 Kc7 36. g8=Q Kb6 37. Qb8+ Ka6 38. Qfd8
Rxb3 39. Qdb6# {Black checkmated} 1-0

[Event "ICC tourney 2047 (75 10)"]
[Site "Internet Chess Club"]
[Date "2020.10.10"]
[Round "3"]
[White "betterone76"]
[Black "WallyCleaver"]
[Result "1-0"]
[ICCResult "Black resigns"]
[WhiteElo "1856"]
[BlackElo "1591"]
[Opening "King's Indian: 5.Nf3"]
[ECO "E90"]
[NIC "KI.20"]
[Time "14:46:53"]
[TimeControl "4500+10"]

1. d4 Nf6 2. c4 g6 3. Nc3 Bg7 4. e4 d6 5. Nf3 O-O 6. h3 Nbd7 7. Be3 e5 8. d5
Nc5 9. Qc2 Nh5 10. g3 f5 11. Be2 f4 12. Bxc5 dxc5 13. g4 Nf6 14. O-O-O a6
15. Rdg1 Ne8 16. g5 Nd6 17. h4 Bd7 18. h5 gxh5 19. Rxh5 Be8 20. Rh4 Bg6 21.
Nd2 Qe8 22. Bg4 Rb8 23. Be6+ Bf7 24. Bxf7+ Rxf7 25. Rgh1 Bh8 26. g6 Rg7 27.
gxh7+ Kf8 28. Qd1 b5 29. Rg1 Qf7 30. Rxg7 Qxg7 31. Qh1 Nf7 32. f3 b4 33. Na4
Nd8 34. Nxc5 a5 35. Rg4 Qe7 36. Qh6+ Kf7 37. Qg6+ {Black resigns} 1-0

[Event "ICC tourney 2047 (75 10)"]
[Site "Internet Chess Club"]
[Date "2020.10.10"]
[Round "3"]
[White "awakeflood"]
[Black "WizardY"]
[Result "0-1"]
[ICCResult "White checkmated"]
[WhiteElo "1712"]
[BlackElo "1455"]
[Opening "Sicilian: dragon, Yugoslav attack, 10.O-O-O"]
[ECO "B78"]
[NIC "SI.18"]
[Time "14:47:11"]
[TimeControl "4500+10"]

1. e4 c5 2. Nf3 d6 3. d4 cxd4 4. Nxd4 Nf6 5. Nc3 g6 6. Be3 Bg7 7. Bc4 O-O 8.
f3 Nc6 9. Qd2 Bd7 10. O-O-O Rc8 11. Bb3 Nxd4 12. Bxd4 b5 13. h4 a5 14. h5 a4
15. Bxf6 Bxf6 16. e5 Bg7 17. Bd5 e6 18. Be4 Bxe5 19. hxg6 fxg6 20. Ne2 Qf6
21. Kb1 d5 22. c3 a3 23. Qh6 Rf7 24. f4 Bxc3 25. bxc3 dxe4 26. Rd2 e3 27.
Rc2 b4 28. c4 Ba4 29. Rhc1 Rxc4 30. Ng3 Bxc2+ 31. Rxc2 Rxc2 32. Kxc2 Qc3+
33. Kd1 Qd2# {White checkmated} 0-1

[Event "ICC tourney 2047 (75 10)"]
[Site "Internet Chess Club"]
[Date "2020.10.10"]
[Round "3"]
[White "M6northrup"]
[Black "gardemarin13"]
[Result "0-1"]
[ICCResult "White resigns"]
[WhiteElo "1637"]
[BlackElo "1891"]
[Opening "Sicilian: accelerated fianchetto, modern variation with Bc4"]
[ECO "B35"]
[NIC "SI.33"]
[Time "14:46:59"]
[TimeControl "4500+10"]

1. e4 c5 2. Nf3 g6 3. d4 cxd4 4. Nxd4 Nc6 5. Nc3 Bg7 6. Be3 Nf6 7. Bc4 O-O
8. O-O Nxe4 9. Nxe4 d5 10. Bxd5 Qxd5 11. Nc3 Qc4 12. Nxc6 Qxc6 13. Qd2 Bf5
14. Rad1 Rac8 15. Nd5 Rfe8 16. Nb4 Qc4 17. b3 Qh4 18. Bg5 Qh5 19. c4 e6 20.
f3 h6 21. g4 Bxg4 22. Bf4 Bxf3 {White resigns} 0-1

[Event "ICC tourney 2047 (75 10)"]
[Site "Internet Chess Club"]
[Date "2020.10.10"]
[Round "3"]
[White "Mapking1"]
[Black "nikhilthota"]
[Result "0-1"]
[ICCResult "White checkmated"]
[WhiteElo "1610"]
[BlackElo "1770"]
[Opening "Ruy Lopez: closed, Breyer, Borisenko variation"]
[ECO "C95"]
[NIC "RL.25"]
[Time "14:47:06"]
[TimeControl "4500+10"]

1. e4 e5 2. Nf3 Nc6 3. Bb5 a6 4. Ba4 Nf6 5. O-O b5 6. Bb3 Be7 7. h3 d6 8. c3
O-O 9. Re1 Nb8 10. d4 Nbd7 11. Nbd2 Bb7 12. Bc2 Re8 13. Nf1 Bf8 14. Ng3 g6
15. a4 Bg7 16. Bd2 Nb6 17. b3 bxa4 18. bxa4 Nc4 19. Bg5 h6 20. Bxf6 Bxf6 21.
Qd3 Na5 22. Rad1 Rb8 23. Qd2 Bg7 24. Qc1 exd4 25. cxd4 Qd7 26. Qa3 Ba8 27.
Qa2 c5 28. e5 Bxf3 29. gxf3 cxd4 30. Bxg6 dxe5 31. Bf5 Qc6 32. Be4 Qc4 33.
Qa3 Qb3 34. Qd6 Qb6 35. Qa3 Rec8 36. Nf5 Kh8 37. Kh2 Qe6 38. Qd3 Rc3 39. Qf1
Rg8 40. Qe2 Nc4 41. Rg1 Nd6 42. Nxd6 Qxd6 43. Rg4 Qe6 44. Qf1 f5 45. Bxf5
Qxf5 46. Qxa6 Qxf3 47. Qf1 Rf8 48. Rd2 h5 49. Rg3 Qxg3+ 50. fxg3 Rxf1 51.
Rxd4 exd4 52. h4 Rc2+ 53. Kh3 Rg1 54. g4 Rh1+ 55. Kg3 Be5+ 56. Kf3 Rh3+ 57.
Ke4 Re2+ 58. Kd5 Ra2 59. a5 Rxa5+ 60. Ke4 d3 61. Kf5 d2 62. g5 d1=Q 63. g6
Qf3+ 64. Ke6 Ra6+ 65. Ke7 Qb7+ 66. Kf8 Ra8# {White checkmated} 0-1

[Event "ICC tourney 2047 (75 10)"]
[Site "Internet Chess Club"]
[Date "2020.10.10"]
[Round "3"]
[White "wulovechess"]
[Black "subielife"]
[Result "1-0"]
[ICCResult "Black checkmated"]
[WhiteElo "1415"]
[BlackElo "1480"]
[Opening "Sicilian: Najdorf, Lipnitzky attack"]
[ECO "B86"]
[NIC "SI.13"]
[Time "14:47:48"]
[TimeControl "4500+10"]

1. e4 c5 2. Nf3 d6 3. d4 cxd4 4. Nxd4 Nf6 5. Nc3 a6 6. Bc4 e6 7. O-O Nbd7 8.
Be3 Nc5 9. f3 Rb8 10. b4 Ncd7 11. a4 Qc7 12. Qe2 Ne5 13. Bb5+ Ned7 14. Bxd7+
Bxd7 15. Bd2 Be7 16. Rad1 O-O 17. Rfe1 d5 18. exd5 Bxb4 19. dxe6 Bxc3 20.
Bxc3 fxe6 21. Bb4 Rfe8 22. Qd3 Rbc8 23. Qb3 Qc4 24. Re5 Nd5 25. Be1 b5 26.
axb5 Qxb3 27. cxb3 axb5 28. Bg3 b4 29. Rde1 Kf7 30. Rg5 g6 31. Rge5 Rc3 32.
Ra1 Rd3 33. Bf2 Re7 34. Ra6 Bc8 35. Rc6 Bb7 36. Rd6 Nc3 37. Bh4 Rc7 38. Bd8
Rd1+ 39. Kf2 Rd2+ 40. Ke3 Rxd4 41. Kxd4 Rc8 42. Rd7+ Ke8 43. Rxb7 Rxd8+ 44.
Kc4 Na2 45. Rxe6+ Kf8 46. Rxh7 Rc8+ 47. Kd4 Rd8+ 48. Ke5 Kg8 49. Rhe7 Kf8
50. Ra7 Nc3 51. Rf6+ Ke8 52. Rff7 Rd5+ 53. Ke6 Nb5 54. Ra8+ Rd8 55. Rxd8+
Kxd8 56. Rf6 g5 57. Rg6 Nd4+ 58. Ke5 Nxb3 59. Rb6 Nc5 60. Kd5 Nd3 61. Kc4
Nf4 62. g3 b3 63. gxf4 gxf4 64. h4 Ke7 65. Rxb3 Kf6 66. Rb5 Kg6 67. h5+ Kh6
68. Rf5 Kh7 69. Rxf4 Kg7 70. Kd5 Kg8 71. Ke6 Kg7 72. Rg4+ Kh8 73. Kf7 Kh7
74. Rg6 Kh8 75. Rh6# {Black checkmated} 1-0

[Event "ICC tourney 2047 (75 10)"]
[Site "Internet Chess Club"]
[Date "2020.10.10"]
[Round "3"]
[White "rcww2020"]
[Black "VincentT2008"]
[Result "1/2-1/2"]
[ICCResult "White stalemated"]
[WhiteElo "1695"]
[BlackElo "1799"]
[Opening "Danish gambit"]
[ECO "C21"]
[NIC "KP.04"]
[Time "14:46:52"]
[TimeControl "4500+10"]

1. e4 e5 2. d4 exd4 3. c3 dxc3 4. Bc4 d5 5. Bxd5 Bd6 6. Nxc3 Nf6 7. Nf3 O-O
8. Bb3 Re8 9. O-O Nc6 10. Re1 Bg4 11. h3 Bh5 12. Bg5 h6 13. Bh4 Bxf3 14.
Qxf3 g5 15. Bg3 Nd4 16. Qd1 Be5 17. Rc1 c6 18. Ne2 Nxe2+ 19. Rxe2 Bxg3 20.
Qxd8 Raxd8 21. fxg3 Nxe4 22. Rce1 Nf6 23. Re7 Rxe7 24. Rxe7 Rd7 25. Bxf7+
Kf8 26. Rxd7 Nxd7 27. Be6 Nc5 28. Bc8 Ke7 29. Bf5 Kf6 30. Bc2 Ke5 31. Kf2
Ne4+ 32. Kf3 Nf6 33. a3 a5 34. Bb3 b5 35. a4 Ne4 36. Bc2 Nf6 37. b4 axb4 38.
a5 Kd6 39. Ke3 c5 40. Bd3 c4 41. Bb1 Nd5+ 42. Kd4 c3 43. a6 Nb6 44. a7 Kc7
45. Be4 c2 46. Bxc2 Kb7 47. Kc5 Kxa7 48. Kxb5 Nd5 49. Bb3 Ne3 50. Kxb4 Kb6
51. Kc3 Kc5 52. h4 Nf5 53. hxg5 hxg5 54. g4 Ne3 55. Be6 Nxg2 56. Kd2 Kd4 57.
Bf5 Ke5 58. Ke2 Kf4 59. Kf2 Ne3 60. Bc8 Nxg4+ 61. Bxg4 Kxg4 62. Kg2 Kf4 63.
Kf2 g4 64. Kg2 g3 65. Kg1 Kg5 66. Kg2 Kg4 67. Kg1 Kf3 68. Kf1 g2+ 69. Kg1
Kg3 {White stalemated} 1/2-1/2

[Event "ICC tourney 2047 (75 10)"]
[Site "Internet Chess Club"]
[Date "2020.10.10"]
[Round "3"]
[White "atevifred"]
[Black "TacticalVM"]
[Result "0-1"]
[ICCResult "White resigns"]
[WhiteElo "1874"]
[BlackElo "1716"]
[Opening "Benoni: classical with e4 and Nf3"]
[ECO "A70"]
[NIC "BI.20"]
[Time "14:46:53"]
[TimeControl "4500+10"]

1. d4 Nf6 2. c4 c5 3. d5 e6 4. Nc3 exd5 5. cxd5 d6 6. e4 g6 7. Nf3 Bg7 8. h3
O-O 9. Bd3 a6 10. a4 Re8 11. O-O Nbd7 12. Bf4 Nf8 13. Nd2 h6 14. Nc4 Nh5 15.
Bh2 Be5 16. Nxe5 dxe5 17. Qd2 Kh7 18. Be2 Nf6 19. Bd3 g5 20. g4 Ng6 21. Bg3
Nf4 22. Bxf4 gxf4 23. f3 Rg8 24. Kf2 h5 25. Rh1 Qb6 26. Bc4 Qb4 27. b3 Bd7
28. Qb2 b5 29. Na2 Qa5 30. Be2 Rab8 31. Qxe5 Qb6 32. a5 Qd8 33. Qxf4 Qe7 34.
g5 Rxg5 35. Qxb8 Nxe4+ 36. Ke1 Ng3 37. Rh2 Qe3 38. Rg2 Nxe2 39. Rxg5 Nc3+
40. Kf1 Bxh3+ 41. Rg2 Qe2+ {White resigns} 0-1

[Event "ICC tourney 2047 (75 10)"]
[Site "Internet Chess Club"]
[Date "2020.10.10"]
[Round "3"]
[White "TheOrcaPro"]
[Black "natez"]
[Result "0-1"]
[ICCResult "White resigns"]
[WhiteElo "1726"]
[BlackElo "1858"]
[Opening "Caro-Kann: advance variation"]
[ECO "B12"]
[NIC "CK.04"]
[Time "14:47:03"]
[TimeControl "4500+10"]

1. e4 c6 2. d4 d5 3. e5 Bf5 4. Bd3 Bxd3 5. Qxd3 e6 6. f4 Ne7 7. Nf3 Nf5 8.
O-O Nd7 9. Nbd2 c5 10. c3 h5 11. Ng5 cxd4 12. cxd4 Qb6 13. Nb3 Be7 14. Nf3
Nb8 15. Bd2 Nc6 16. Kh1 g6 17. Rfc1 Kf8 18. Nc5 Bxc5 19. dxc5 Qc7 20. b4 a6
21. a4 Kg7 22. b5 axb5 23. axb5 Rxa1 24. Rxa1 Nce7 25. Bb4 Nh6 26. h3 Nhf5
27. Ra7 Ng3+ 28. Kh2 Ne4 29. c6 Rb8 30. Qa3 Nf5 31. Ba5 Qc8 32. g4 hxg4 33.
hxg4 Qh8+ 34. Kg1 Qh3 35. Be1 Nfg3 36. Bxg3 Qxg3+ {White resigns} 0-1

[Event "ICC tourney 2047 (75 10)"]
[Site "Internet Chess Club"]
[Date "2020.10.10"]
[Round "3"]
[White "chesslin"]
[Black "mancogu"]
[Result "1-0"]
[ICCResult "Black resigns"]
[WhiteElo "1882"]
[BlackElo "1569"]
[Opening "Queen's pawn, Mason variation"]
[ECO "D00"]
[NIC "QP.08"]
[Time "14:47:05"]
[TimeControl "4500+10"]

1. d4 d5 2. Bf4 Bf5 3. c4 e6 4. Nc3 Nf6 5. e3 c6 6. Qb3 Qb6 7. c5 Qxb3 8.
axb3 Nbd7 9. b4 Be7 10. b5 O-O 11. Nf3 Nh5 12. Bc7 Rfc8 13. bxc6 bxc6 14.
Ba5 Bd8 15. Ba6 Bxa5 16. Bxc8 Bxc3+ 17. bxc3 Rxc8 18. Rxa7 Nhf6 19. O-O h6
20. Rfa1 Bd3 21. Rb7 Be4 22. Raa7 Bxf3 23. gxf3 Rb8 24. Rxd7 Nxd7 25. Rxd7
Rc8 26. Kg2 Kf8 27. Kg3 g5 28. f4 Kg7 29. Kf3 Kg6 30. e4 Kf6 31. exd5 cxd5
32. Rb7 Rc6 33. Rb6 Rc7 34. Kg4 Kg6 35. f5+ Kf6 36. fxe6 fxe6 37. h3 Rc8 38.
f4 h5+ 39. Kf3 gxf4 40. Kxf4 Rc7 41. Rb2 Rg7 42. Kf3 Kf5 43. Rg2 Ra7 44. Ke3
Ra3 45. Kd3 Ra7 46. Re2 Rc7 47. Re5+ Kf6 48. Rxh5 Rg7 49. Kc2 Rg2+ 50. Kb3
Ke7 51. h4 Kd7 52. Rh7+ Kc6 53. h5 Rh2 54. Re7 Rxh5 55. Rxe6+ Kb5 56. Re5
Rxe5 57. dxe5 Kxc5 58. Kc2 Kc6 59. Kd2 Kd7 60. Ke3 Ke7 61. Kf3 Kf7 62. Kg4
Kg6 63. Kf4 Kf7 64. Kf5 Ke7 65. e6 Ke8 66. Kf6 Kf8 67. Ke5 Ke7 68. Kxd5
{Black resigns}
1-0

[Event "ICC tourney 2047 (75 10)"]
[Site "Internet Chess Club"]
[Date "2020.10.10"]
[Round "3"]
[White "Michaelpu"]
[Black "Eagle2020"]
[Result "1-0"]
[ICCResult "Black checkmated"]
[WhiteElo "1633"]
[BlackElo "1498"]
[Opening "French: exchange variation"]
[ECO "C01"]
[NIC "FR.01"]
[Time "14:46:58"]
[TimeControl "4500+10"]

1. e4 e6 2. d4 d5 3. exd5 exd5 4. Bd3 Nf6 5. h3 Be6 6. Qf3 Bd6 7. Bg5 Nbd7
8. Ne2 O-O 9. O-O c5 10. c3 c4 11. Bc2 b5 12. Nd2 a5 13. Rfe1 Qb6 14. Rab1
Qc6 15. Ng3 Rfe8 16. Ndf1 b4 17. Ne3 a4 18. Rbc1 b3 19. Bb1 a3 20. Re2 bxa2
21. Bxa2 axb2 22. Rxb2 Ba3 23. Rcb1 Bxb2 24. Rxb2 Reb8 25. Rc2 Rb3 26. Nef5
Kf8 27. Bxb3 cxb3 28. Rb2 Qb6 29. Qd1 Rb8 30. Bf4 Rb7 31. Bd6+ Kg8 32. Bb4
Ne4 33. Nxe4 dxe4 34. Nd6 Rb8 35. Nxe4 Bd5 36. Nd2 Nf6 37. Nxb3 Ne4 38. Nd2
Ng5 39. Qg4 Qg6 40. h4 Nf3+ 41. gxf3 Qxg4+ 42. fxg4 Rb6 43. Nf1 Rh6 44. Be7
f6 45. h5 g6 46. Ng3 gxh5 47. Nxh5 Kf7 48. Bd8 f5 49. Rb5 Be4 50. f3 Bd3 51.
Re5 fxg4 52. fxg4 Rg6 53. g5 Ra6 54. d5 Ra1+ 55. Kh2 Bf1 56. Kg3 Ra2 57.
Rf5+ Ke8 58. Rxf1 Kxd8 59. Nf6 Ra3 60. Rf3 Ra7 61. Re3 Rg7 62. Kf4 Kc7 63.
Ne8+ Kd7 64. Nxg7 Kd6 65. Rh3 Kxd5 66. Rxh7 Kd6 67. g6 Ke7 68. Nf5+ Kf8 69.
Rf7+ Kg8 70. Ne7+ Kh8 71. g7+ Kh7 72. g8=Q+ Kh6 73. Qg5# {Black checkmated}
1-0

[Event "ICC tourney 2047 (75 10)"]
[Site "Internet Chess Club"]
[Date "2020.10.10"]
[Round "3"]
[White "Han366"]
[Black "irisl"]
[Result "1/2-1/2"]
[ICCResult "Game drawn because neither player has mating material"]
[WhiteElo "1689"]
[BlackElo "1385"]
[Opening "QGD Slav: Dutch variation"]
[ECO "D18"]
[NIC "SL.04"]
[Time "14:46:56"]
[TimeControl "4500+10"]

1. d4 d5 2. c4 c6 3. Nf3 Nf6 4. Nc3 dxc4 5. a4 Bf5 6. e3 Nbd7 7. Bxc4 e6 8.
O-O Be7 9. Re1 O-O 10. e4 Bg6 11. Bf4 Re8 12. Qd2 Rc8 13. Bd3 c5 14. dxc5
Nxc5 15. Rad1 Nxd3 16. Qxd3 Qxd3 17. Rxd3 Rcd8 18. Rxd8 Rxd8 19. Nd2 Bb4 20.
f3 Rd3 21. Ndb1 Bc5+ 22. Kf1 Nh5 23. Bc1 Rd8 24. Rd1 Rxd1+ 25. Nxd1 Bd6 26.
g3 f5 27. Nbc3 Nf6 28. Nf2 Bb4 29. exf5 exf5 30. Be3 Bxc3 31. bxc3 b6 32. a5
bxa5 33. Bxa7 a4 34. Bc5 Nd7 35. Bb4 Ne5 36. Ke2 Nc4 37. Kd3 a3 38. Bxa3
Nxa3 39. c4 f4+ 40. Kd4 fxg3 41. hxg3 Kf7 42. Ng4 Ke6 43. f4 Bf5 44. Ne5 h6
45. g4 Bh7 46. c5 Nb5+ 47. Kc4 Nc7 48. Nc6 Be4 49. Nd4+ Kf6 50. Ne2 Bf3 51.
g5+ hxg5 52. fxg5+ Kxg5 53. Nd4 Bd5+ 54. Kd3 Kf4 55. Ne2+ Kg4 56. Kd4 Kh3
57. Nf4+ Kh2 58. Nxd5 Ne6+ 59. Kc4 g5 60. Nf6 Kh3 61. c6 g4 62. Nxg4 Kxg4
63. Kd5 Nc7+ 64. Kd6 Nb5+ 65. Kd7 Kf5 66. c7 Nxc7
{Game drawn because neither player has mating material}
1/2-1/2

[Event "ICC tourney 2047 (75 10)"]
[Site "Internet Chess Club"]
[Date "2020.10.10"]
[Round "3"]
[White "FL2009"]
[Black "Alexbander"]
[Result "0-1"]
[ICCResult "White resigns"]
[WhiteElo "1823"]
[BlackElo "1743"]
[Opening "Two knights defense (Modern bishop's opening)"]
[ECO "C55"]
[NIC "IG.01"]
[Time "14:46:52"]
[TimeControl "4500+10"]

1. e4 e5 2. Nf3 Nc6 3. Bc4 Nf6 4. d3 Be7 5. c3 O-O 6. O-O d6 7. Re1 Na5 8.
Bb5 a6 9. Ba4 b5 10. Bc2 c5 11. Nbd2 Nc6 12. Nf1 Re8 13. h3 Qc7 14. Ng3 g6
15. Bg5 Nd8 16. Rc1 Ne6 17. Bh6 Bf8 18. Bxf8 Rxf8 19. Qd2 Nf4 20. d4 Bb7 21.
Bb1 c4 22. d5 Nd7 23. Ne2 Nxe2+ 24. Rxe2 Kg7 25. Rd1 Nf6 26. Nh4 Bc8 27. Kh1
Nh5 28. Re3 Qe7 29. Nf3 Nf4 30. Nh2 f5 31. Rf3 fxe4 32. Bxe4 Bf5 33. Re1
Bxe4 34. Rxe4 Qb7 35. Re1 Nd3 36. Ree3 Rxf3 37. Rxf3 Qxd5 38. Ng4 Nf4 39.
Qc1 h5 40. Ne3 Qc6 41. Qc2 Rf8 42. Rg3 Nd3 43. f3 e4 44. Qe2 exf3 45. gxf3
Ne5 46. Qc2 Rxf3 47. Nf5+ Rxf5+ 48. Rg2 Rg5 49. Kh2 Rxg2+ {White resigns}
0-1

[Event "ICC tourney 2047 (75 10)"]
[Site "Internet Chess Club"]
[Date "2020.10.10"]
[Round "3"]
[White "fasteagle1"]
[Black "coolhappyfish"]
[Result "0-1"]
[ICCResult "White resigns"]
[WhiteElo "1739"]
[BlackElo "1643"]
[Opening "QGD: Orthodox defense, Rauzer variation"]
[ECO "D60"]
[NIC "QO.12"]
[Time "14:47:27"]
[TimeControl "4500+10"]

1. d4 d5 2. c4 e6 3. Nf3 Nf6 4. Bg5 Be7 5. e3 Nbd7 6. Nc3 O-O 7. Qb3 h6 8.
Bh4 c6 9. c5 b6 10. cxb6 axb6 11. Bxf6 Nxf6 12. Ne5 Bb7 13. Rc1 Bd6 14. Nf3
Rc8 15. Na4 Nd7 16. Be2 Qc7 17. O-O c5 18. Nc3 Bc6 19. Ba6 Ra8 20. Bb5 Rfc8
21. Bxc6 Qxc6 22. Nb5 c4 23. Nxd6 Qxd6 24. Qc3 Rxa2 25. Ra1 Rca8 26. Rab1 b5
27. b4 R8a3 28. Qc1 Ra4 29. Qc3 Nb8 30. Ne1 Nc6 31. Nc2 Qb8 32. Ra1 Rxa1 33.
Rxa1 Qa7 34. Rb1 Ra2 35. g3 Qa4 36. Rb2 Rxb2 37. Qxb2 Kf8 38. Kg2 Qb3 39.
Qa3 Qxc2 40. Qa8+ Ke7 41. Qxc6 c3 42. h4 Qe4+ 43. Kf1 Qb1+ 44. Kg2 c2 45.
Qc7+ Kf6 46. h5 c1=Q 47. Qd8+ Kf5 48. g4+ Kxg4 49. f3+ Kxh5 {White resigns}
0-1

[Event "ICC tourney 2047 (75 10)"]
[Site "Internet Chess Club"]
[Date "2020.10.10"]
[Round "3"]
[White "cdj12417489"]
[Black "shubham14"]
[Result "0-1"]
[ICCResult "White resigns"]
[WhiteElo "1291"]
[BlackElo "1520"]
[Opening "Sicilian: closed"]
[ECO "B23"]
[NIC "SI.44"]
[Time "14:47:17"]
[TimeControl "4500+10"]

1. e4 c5 2. Nc3 d6 3. f4 Nc6 4. Nf3 Bg4 5. h3 Bxf3 6. Qxf3 g6 7. Bb5 a6 8.
Bxc6+ bxc6 9. O-O Bg7 10. f5 Nf6 11. d3 Nd7 12. fxg6 Nf6 13. gxf7+ Kxf7 14.
Bd2 Rf8 15. e5 dxe5 16. Qxc6 Qd4+ 17. Kh1 Kg8 18. Qe6+ Kh8 19. Qc4 Qxc4 20.
dxc4 Rfd8 21. Rad1 Nh5 22. Kh2 Rab8 23. b3 e4 24. g3 e3 25. Bxe3 Bxc3 26.
Bxc5 Rxd1 27. Rxd1 Be5 28. Bd4 Bxd4 29. Rxd4 Rf8 30. Rd2 e5 31. Kg2 Rg8 32.
Rd3 Nf4+ 33. Kf3 Nxd3 34. cxd3 Kg7 35. b4 Rb8 36. a3 Kf6 37. Ke4 Rg8 38. g4
Ke6 39. a4 Rg6 40. b5 axb5 41. cxb5 Kd6 42. a5 Rh6 43. a6 Kc7 44. Kd5 Rxh3
45. Kc5 Rxd3 46. b6+ Kb8 47. Kc4 Rd4+ 48. Kb5 e4 49. Kc6 Rc4+ 50. Kb5 e3 51.
Kxc4 e2 52. Kc5 e1=Q 53. a7+ Kb7 54. Kd6 Qg3+ 55. Ke7 Qxg4 {White resigns}
0-1

[Event "ICC tourney 2047 (75 10)"]
[Site "Internet Chess Club"]
[Date "2020.10.10"]
[Round "3"]
[White "davidtxie"]
[Black "Nikhilp"]
[Result "1-0"]
[ICCResult "Black resigns"]
[WhiteElo "1686"]
[BlackElo "1814"]
[Opening "Vienna gambit"]
[ECO "C29"]
[NIC "VG.03"]
[Time "14:46:57"]
[TimeControl "4500+10"]

1. e4 e5 2. Nc3 Nf6 3. f4 d5 4. fxe5 Nxe4 5. Nf3 Bc5 6. d4 Bb4 7. Bd2 Bg4 8.
Bd3 Bxf3 9. Qxf3 Nxd2 10. Kxd2 Qg5+ 11. Kd1 Nc6 12. h4 Qh6 13. Qg4 O-O 14.
Qg5 Nxd4 15. Nxd5 Ba5 16. Qxh6 gxh6 17. c3 Nc6 18. Nf6+ Kh8 19. Re1 Rad8 20.
Kc2 Bb6 21. Re2 Ne7 22. Bxh7 Nd5 23. Nxd5 Rxd5 24. Bd3 c6 25. Rae1 Bc7 26.
g4 Kg7 27. Bc4 Rd7 28. Rf1 Re7 29. Rf5 b5 30. Bb3 c5 31. Bd5 a6 32. g5 h5
33. Bf3 Rfe8 34. Bxh5 Bxe5 35. Ref2 Rf8 36. Re2 Rfe8 37. Re3 Bd6 38. Rxf7+
Rxf7 39. Rxe8 Rf4 40. Re6 Rxh4 41. Rxd6 Rxh5 42. Rxa6 Rxg5 43. Ra5 c4 44. a4
Rg2+ 45. Kb1 bxa4 46. Rxa4 Rg4 47. b4 Kf7 48. Ra7+ Ke6 49. Rc7 Kd6 50. Rc8
Kd7 51. Rc5 Kd6 52. Kb2 Re4 53. Ka3 Kd7 54. b5 Kd6 55. Rc8 Kd7 56. Rc5 Kd6
57. Kb4 Re1 58. Kxc4 Re4+ 59. Kd3 Kxc5 60. Kxe4 Kxb5 61. Kd5 Kb6 62. c4 Kb7
63. Kd6 Kc8 64. Kc6 Kb8 65. Kd7 Kb7 66. c5 Ka6 67. c6 Kb6 68. c7 Ka7 69.
c8=Q Kb6 {Black resigns} 1-0

[Event "ICC tourney 2047 (75 10)"]
[Site "Internet Chess Club"]
[Date "2020.10.10"]
[Round "3"]
[White "jHanna"]
[Black "AkshatSuresh"]
[Result "1-0"]
[ICCResult "Black checkmated"]
[WhiteElo "1837"]
[BlackElo "1573"]
[Opening "Nimzo-Indian: classical, Noa variation, 5.cd ed"]
[ECO "E35"]
[NIC "NI.23"]
[Time "14:47:02"]
[TimeControl "4500+10"]

1. d4 Nf6 2. c4 e6 3. Nc3 Bb4 4. Qc2 d5 5. cxd5 exd5 6. Bg5 O-O 7. a3 Bxc3+
8. Qxc3 Nbd7 9. e3 c6 10. Bd3 h6 11. Bh4 Re8 12. Ne2 Qe7 13. O-O Nb6 14. b4
Bd7 15. a4 a6 16. Bxf6 Qxf6 17. Qc5 Nc8 18. b5 b6 19. Qb4 a5 20. Qb3 cxb5
21. Bxb5 Bxb5 22. Qxb5 Ne7 23. Rac1 Qd6 24. Rb1 Rab8 25. Rfc1 Red8 26. h3
Kf8 27. Nf4 Kg8 28. Nd3 f6 29. Rc3 Kf7 30. Rbc1 Rbc8 31. Qa6 Rxc3 32. Rxc3
Rb8 33. Qa7 Rd8 34. Rc7 Ke8 35. Rb7 Nc8 36. Qa6 Rd7 37. Nf4 g5 38. Rxd7 Kxd7
39. Qb7+ Kd8 40. Nxd5 f5 41. Kf1 h5 42. Ke2 h4 43. Qf7 Qd7 44. Qf8+ Qe8 45.
Qf6+ Kd7 46. Nxb6+ Nxb6 47. Qxb6 Qa8 48. Qb5+ Ke6 49. Qe5+ Kd7 50. Qxf5+ Kc7
51. Qc5+ Kd7 52. f3 Qg8 53. Qb5+ Kc8 54. Qa6+ Kb8 55. Qb6+ Kc8 56. Qc6+ Kb8
57. d5 g4 58. Qb6+ Ka8 59. Qxa5+ Kb8 60. Qb6+ Ka8 61. Qc6+ Kb8 62. hxg4 h3
63. gxh3 Ka7 64. e4 Kb8 65. Ke3 Ka7 66. e5 Kb8 67. Qd6+ Ka8 68. Qd7 Kb8 69.
e6 Qh8 70. Ke4 Qc3 71. Qd6+ Ka7 72. Qd7+ Kb8 73. Qb5+ Ka7 74. Qd3 Qc7 75. d6
Qc6+ 76. Ke5 Qc5+ 77. Kf6 Qc8 78. Qd4+ Ka8 79. Qd5+ Ka7 80. Qa5+ Kb8 81.
Qc7+ Ka8 82. Qxc8+ Ka7 83. Qc6 Kb8 84. Ke7 Ka7 85. Qb5 Ka8 86. Kd7 Ka7 87.
Kc7 Ka8 88. Qa6# {Black checkmated} 1-0